Map: Acolyte LE

Players

GAMETIME

  • Race: Zerg Zerg
  • Spawn Location: 7:00

Semper - Winner!

  • Race: Terran Terran
  • Spawn Location: 1:00

Event: WCS Montreal 2017

VOD

Have the link to the VOD?

Description

Time

  • Played on: Sept. 8, 2017, 4:42 p.m.
  • Length: 14:58

All games in this series

Show
View Real Time Build Order
Export as new Build Order

GAMETIME Zerg 

Build Orders: Hatch First, Muta Ling Bane 

Get SALT Encoding   

  12  0:00  Drone  
  13  0:13  Overlord  
  13  0:16  Drone  
  14  0:31  Drone x2  
  17  0:35  Drone  
  17  0:52  Hatchery  
  17  0:55  Drone  
  17  0:58  Drone  
  18  1:09  Extractor  
  17  1:12  Spawning Pool  
  17  1:16  Drone  
  17  1:20  Drone  
  18  1:29  Drone  
  19  1:39  Overlord  
  19  2:00  Queen  
  19  2:01  Zergling x4  
  23  2:03  Queen  
  23  2:04  Zergling x2  
  26  2:09  Metabolic Boost  
  26  2:11  Drone  
  26  2:14  Drone  
  28  2:22  Drone  
  29  2:25  Drone  
  30  2:36  Spore Crawler, Drone x2  
  31  2:44  Queen, Overlord  
  31  2:48  Drone  
  34  2:54  Drone  
  35  2:58  Hatchery  
  35  3:00  Drone  
  35  3:07  Drone  
  35  3:10  Drone x4  
  40  3:19  Overlord  
  40  3:20  Queen  
  40  3:25  Overlord  
  42  3:30  Drone  
  42  3:33  Overlord  
  43  3:40  Drone  
  44  3:44  Drone  
  44  3:45  Drone x6  
  51  3:55  Overlord  
  51  3:56  Queen  
  51  4:01  Spore Crawler x2  
  51  4:03  Zergling x2  
  51  4:05  Zergling x2  
  53  4:10  Queen, Evolution Chamber  
  53  4:14  Drone  
  53  4:15  Drone  
  56  4:21  Zergling x8  
  60  4:33  Overlord  
  60  4:34  Drone x4  
  60  4:36  Zerg Ground Armor Level 1  
  60  4:37  Drone  
  65  4:38  Drone  
  65  4:40  Drone  
  65  4:43  Drone  
  68  4:54  Drone  
  68  4:55  Drone x4  
  68  4:59  Hatchery  
  72  5:00  Drone  
  72  5:01  Extractor x2, Drone  
  72  5:03  Drone  
  72  5:06  Overlord  
  73  5:12  Overlord x3  
  73  5:16  Extractor  
  73  5:17  Drone  
  73  5:27  Drone x8  
  81  5:35  Zergling x2  
  81  5:36  Zergling x10  
  81  5:38  Queen  
  89  5:44  Zergling x2  
  89  5:45  Zergling x6  
  89  5:49  Zergling x4  
  78  5:53  Zergling x2  
  78  5:56  Zergling x2  
  72  5:59  Drone x2  
  72  6:00  Drone x2  
  72  6:02  Drone, Lair  
  72  6:03  Evolution Chamber  
  73  6:04  Drone x2  
  73  6:07  Drone  
  73  6:09  Drone  
  73  6:10  Drone  
  77  6:14  Drone  
  77  6:16  Drone  
  79  6:20  Drone  
  79  6:23  Extractor  
  79  6:24  Extractor  
  78  6:29  Drone x2  
  78  6:30  Zerg Melee Weapons Level 1  
  78  6:32  Overlord  
  79  6:38  Drone x2  
  80  6:45  Drone  
  79  6:54  Drone x2  
  79  6:55  Drone  
  79  6:56  Drone  
  79  6:57  Drone x2  
  79  7:01  Hatchery  
  84  7:02  Spire  
  84  7:03  Drone x2  
  84  7:04  Zerg Ground Armor Level 2, Baneling Nest  
  84  7:05  Zergling x2  
  84  7:06  Zergling x2  
  84  7:08  Drone x2  
  88  7:09  Drone  
  88  7:11  Drone  
  88  7:13  Zergling x2  
  88  7:14  Zergling x2  
  92  7:17  Zergling x4  
  92  7:19  Zergling x4  
  92  7:21  Zergling x2  
  97  7:27  Zergling x2  
  97  7:28  Zergling x10  
  103  7:33  Zergling x6  
  103  7:34  Zergling x2  
  103  7:35  Zergling x4  
  108  7:38  Zergling x6  
  108  7:40  Zergling x2  
  112  7:44  Overlord  
  112  7:45  Overlord  
  112  7:48  Centrifical Hooks  
  108  7:57  Baneling x2  
  108  8:00  Overlord x3  
  108  8:02  Baneling  
  108  8:03  Baneling x9  
  108  8:14  Mutalisk x3  
  108  8:15  Mutalisk x3  
  120  8:21  Mutalisk, Zerg Flyer Weapons Level 1  
  120  8:23  Mutalisk  
  124  8:27  Mutalisk x2  
  124  8:30  Mutalisk  
  124  8:32  Mutalisk  
  132  8:36  Mutalisk  
  132  8:40  Overlord x3  
  134  8:42  Zergling x2  
  134  8:46  Drone x3  
  139  8:48  Zergling x6  
  139  8:51  Zergling x6  
  143  8:59  Zergling x2  
  143  9:00  Zergling x14  
  147  9:06  Drone  
  147  9:07  Drone x5  
  147  9:09  Mutalisk  
  153  9:15  Mutalisk x2  
  153  9:18  Mutalisk x2  
  155  9:24  Mutalisk x2  
  155  9:25  Mutalisk  
  155  9:26  Zergling x2  
  159  9:36  Baneling x4  
  159  9:43  Mutalisk  
  156  9:47  Zergling x2  
  156  9:49  Zergling x2  
  139  9:53  Zergling x14  
  139  9:54  Zergling x6  
  139  9:57  Zergling x2  
  139  9:58  Zergling x14  
  139  9:59  Mutalisk x3  
  151  10:07  Mutalisk  
  141  10:11  Zergling x6  
  145  10:15  Zerg Melee Weapons Level 2  
  145  10:16  Zergling x2  
  145  10:17  Zergling x18  
  155  10:26  Zergling x6  
  158  10:36  Zergling x10  
  158  10:37  Baneling  
  158  10:38  Baneling x15  
  158  10:39  Zergling x2  
  164  10:43  Zergling x4  
  164  10:45  Overlord x2  
  164  10:49  Hatchery  
  165  10:56  Baneling x8  
  156  10:57  Zergling x2  
  156  10:58  Zergling x16  
  154  11:06  Zergling x2  
  154  11:07  Zergling x16  
  154  11:10  Drone  
  154  11:11  Zergling x2  
  150  11:16  Zergling x16  
  155  11:23  Zergling x2  
  155  11:24  Zergling x10  
  137  11:26  Mutalisk x2  
  137  11:30  Mutalisk x2  
  137  11:32  Overseer  
  145  11:33  Overseer  
  145  11:40  Zergling x2  
  145  11:41  Zergling x12  
  145  11:43  Baneling  
  145  11:44  Baneling x4  
  145  11:46  Mutalisk  
  154  11:48  Mutalisk  
  154  11:51  Mutalisk  
  158  11:57  Zergling x8  
  158  11:58  Baneling x2  
  158  11:59  Baneling  
  160  12:12  Zergling x2  
  160  12:13  Zergling x24  
  171  12:19  Overlord x2  
  171  12:23  Infestation Pit  
  171  12:24  Baneling  
  171  12:25  Baneling x10  
  171  12:26  Baneling  
  170  12:30  Baneling x8  
  170  12:31  Baneling  
  170  12:32  Zergling x4  
  171  12:40  Mutalisk  
  171  12:42  Zergling x2  
  171  12:43  Zergling x14  
  181  12:48  Baneling x2  
  181  12:49  Baneling x5  
  181  12:51  Overseer  
  181  12:52  Zergling x6  
  184  13:01  Hive  
  184  13:02  Zergling x14  
  184  13:04  Baneling x3  
  191  13:06  Zergling x4  
  191  13:07  Zergling x2  
  191  13:08  Zergling x2  
  183  13:21  Zergling x2  
  183  13:22  Zergling x20  
  183  13:25  Zergling x2  
  183  13:26  Zergling x2  
  144  13:28  Mutalisk  
  144  13:31  Mutalisk  
  146  13:36  Zergling x2  
  146  13:37  Zergling x6  
  146  13:39  Mutalisk  
  148  13:42  Mutalisk  
  148  13:45  Baneling x3  
  148  13:46  Baneling  
  150  13:48  Mutalisk  
  150  13:52  Mutalisk  
  150  13:55  Mutalisk  
  152  14:04  Zergling x8  
  152  14:09  Corruptor  
  150  14:10  Corruptor  
  150  14:12  Zergling x2  
  150  14:13  Zergling x2  
  150  14:18  Zergling x8  
  143  14:29  Zergling x6  
  143  14:30  Zergling x12  
  131  14:34  Zergling x2  
  131  14:35  Zergling x4  
  124  14:41  Zergling x2  
  124  14:43  Baneling x2  
Show
View Real Time Build Order
Export as new Build Order

Semper Terran - Winner!

Build Orders: Liberator Opening, Reaper Expand, MMM Bio 

Get SALT Encoding   

  12  0:00  SCV  
  13  0:12  SCV  
  14  0:17  Supply Depot  
  14  0:24  SCV  
  15  0:38  SCV  
  15  0:39  Barracks  
  16  0:44  Refinery  
  16  0:50  SCV  
  17  1:03  SCV  
  18  1:15  SCV  
  19  1:26  Reaper  
  19  1:27  Orbital Command  
  20  1:42  Command Center  
  20  1:52  SCV  
  20  1:53  Supply Depot  
  21  1:59  Marine  
  22  2:04  SCV  
  23  2:08  Factory  
  23  2:14  Refinery  
  23  2:17  SCV  
  23  2:21  Barracks Reactor  
  24  2:29  SCV  
  25  2:41  SCV  
  26  2:53  Orbital Command  
  26  2:54  Starport, Widow Mine  
  26  2:56  SCV  
  26  2:57  Marine x2  
  31  3:08  SCV  
  32  3:15  Marine x2  
  34  3:21  SCV  
  34  3:24  SCV  
  36  3:27  Supply Depot  
  36  3:32  Medivac  
  38  3:35  Marine x2  
  38  3:37  SCV  
  41  3:43  SCV  
  41  3:44  Liberator  
  42  3:50  Supply Depot  
  42  3:52  SCV  
  43  3:59  Hellion x2  
  49  4:04  SCV  
  49  4:08  Supply Depot, SCV  
  49  4:09  Armory  
  51  4:11  Barracks Tech Lab  
  51  4:16  SCV  
  52  4:20  Hellion  
  52  4:21  SCV, Hellion  
  57  4:31  Command Center  
  57  4:35  SCV  
  58  4:42  Marine, Hellion x2  
  58  4:43  Supply Depot  
  58  4:44  SCV  
  64  4:50  SCV  
  64  4:56  SCV  
  65  5:02  Marine, SCV  
  65  5:03  Stimpack, Hellion  
  65  5:05  Hellion  
  71  5:13  Supply Depot  
  71  5:14  Engineering Bay x2  
  71  5:15  SCV  
  71  5:18  SCV  
  71  5:20  Marine  
  74  5:27  SCV  
  75  5:35  Starport Reactor  
  75  5:38  Marine  
  75  5:39  Barracks  
  75  5:40  Barracks, SCV  
  75  5:42  Factory Reactor  
  73  5:55  Marine, SCV  
  68  5:59  Terran Infantry Armor Level 1, Terran Infantry Weapons Level 1  
  68  6:00  SCV  
  68  6:01  Barracks, Refinery x2  
  68  6:02  Barracks, Liberator  
  59  6:06  Orbital Command  
  59  6:12  SCV  
  59  6:14  Marine  
  61  6:19  Medivac  
  61  6:25  Orbital Command, SCV  
  67  6:26  Marine  
  67  6:27  Marine  
  69  6:33  Factory Reactor  
  69  6:34  Supply Depot  
  69  6:36  SCV  
  69  6:37  Marine, SCV  
  73  6:44  Marine x2  
  69  6:49  SCV x2  
  69  6:51  Marine  
  69  6:52  Marine  
  69  6:53  Supply Depot, Medivac  
  75  6:55  Marine  
  75  6:56  Barracks Reactor  
  75  6:57  Barracks Reactor  
  75  7:01  SCV  
  77  7:02  SCV  
  77  7:05  SCV  
  77  7:08  Marine  
  80  7:12  Marine x2  
  80  7:13  SCV  
  80  7:14  SCV, Widow Mine x2  
  88  7:15  Medivac  
  88  7:16  Marine x2  
  88  7:17  SCV  
  93  7:23  Barracks  
  93  7:24  Barracks  
  93  7:25  Marine, SCV  
  93  7:26  SCV  
  93  7:27  Supply Depot  
  93  7:28  Barracks, Supply Depot, Combat Shields  
  93  7:29  Medivac  
  98  7:30  Marine  
  98  7:31  Marine x2  
  98  7:33  SCV  
  102  7:42  SCV  
  102  7:44  Marine x6  
  103  7:45  SCV  
  103  7:48  Marine  
  103  7:49  Marine x2  
  103  7:50  SCV  
  114  7:54  SCV  
  114  7:57  Supply Depot x2, Missile Turret  
  115  7:59  Widow Mine x2  
  115  8:01  Marine  
  115  8:02  Marine x2  
  122  8:08  Marine  
  122  8:09  Marine x2  
  122  8:11  Barracks Tech Lab x2  
  122  8:12  Terran Infantry Armor Level 2, Terran Infantry Weapons Level 2  
  125  8:24  Marine x3, Marauder  
  130  8:28  Supply Depot x2, Marine  
  130  8:29  Supply Depot x2, Marine x2  
  130  8:30  Supply Depot  
  133  8:35  Marine  
  133  8:39  Marine  
  133  8:40  Marine  
  133  8:41  Marine, Widow Mine x2  
  133  8:42  Marauder  
  133  8:43  Medivac x2  
  125  9:07  Marine x9  
  125  9:08  Marine x2, Marauder  
  136  9:15  Missile Turret  
  136  9:19  Command Center, Missile Turret  
  136  9:20  Missile Turret  
  128  9:25  Marine x9  
  128  9:26  Widow Mine  
  128  9:27  Marauder  
  128  9:30  Marine  
  132  9:34  Marine, Missile Turret  
  133  9:42  Marine  
  133  9:43  Marine x7  
  141  9:48  Medivac  
  141  9:51  Marine  
  120  9:53  Marine  
  120  9:55  Marine  
  120  9:56  Marine  
  106  10:00  Marine x3  
  106  10:01  Marine x5  
  107  10:09  Marine  
  107  10:11  Supply Depot, Marine  
  107  10:13  Marine  
  107  10:14  Marine  
  110  10:15  Supply Depot  
  110  10:18  Marine x6  
  110  10:19  Marine, Widow Mine x2  
  110  10:21  Marine  
  121  10:26  Medivac  
  121  10:27  Marine  
  121  10:30  Marine  
  121  10:31  Marine x2  
  124  10:36  Marine  
  124  10:37  Medivac  
  124  10:40  SCV x2  
  129  10:45  Marine  
  129  10:46  Marine x4, Missile Turret  
  129  10:47  Widow Mine  
  136  10:56  Medivac  
  136  10:57  Marine  
  136  11:03  Marine  
  136  11:04  Marine x4  
  134  11:07  Marine x2  
  134  11:08  Marine x2  
  134  11:09  SCV x3  
  134  11:10  Marine  
  134  11:11  Marine  
  144  11:16  Marine  
  144  11:17  Medivac  
  143  11:22  Marine  
  143  11:23  Marine x3  
  143  11:24  Marine, SCV x2  
  143  11:25  Marine, SCV  
  129  11:28  Medivac  
  129  11:32  Marine  
  133  11:36  SCV, Planetary Fortress  
  133  11:37  SCV x2  
  136  11:44  Marine x6  
  142  11:47  Medivac  
  142  11:48  Missile Turret  
  142  11:49  SCV x2  
  146  11:56  Marine  
  146  11:57  Marauder  
  146  11:58  Medivac  
  151  12:02  Marine x6  
  151  12:04  Barracks Tech Lab  
  151  12:07  Marine x3  
  160  12:11  SCV x2  
  161  12:16  Marine  
  161  12:17  Medivac, SCV x2  
  161  12:18  Marine  
  161  12:20  Marine  
  168  12:23  Marine  
  167  12:30  Sensor Tower, Medivac  
  167  12:31  Missile Turret  
  167  12:33  Marine x5, Marauder  
  175  12:39  Marine x5  
  175  12:41  Marine  
  174  12:45  Widow Mine x2  
  174  12:47  Medivac  
  174  12:51  Marine x5  
  179  12:54  Marine  
  179  12:56  Marine  
  179  12:57  Marine  
  187  13:02  Marine x3  
  187  13:03  Marine  
  190  13:09  Marine  
  191  13:13  Widow Mine x2  
  191  13:17  Marine x4  
  191  13:18  Marine  
  177  13:28  Marine x7  
  184  13:35  Marine x3  
  184  13:36  Marine  
  184  13:37  Marine  
  181  13:42  Widow Mine  
  181  13:43  Command Center  
  181  13:45  Marine  
  181  13:46  Marine x3, Marauder  
  181  13:47  Widow Mine  
  191  13:49  Marine  
  191  13:50  Marine  
  191  13:53  Marine x3  
  191  13:54  Marine x2  
  186  14:03  Marine x2  
  186  14:04  Marine  
  186  14:09  Marine  
  182  14:10  Marine x3, Widow Mine  
  182  14:11  Marine  
  182  14:12  Marine x4  
  182  14:16  Widow Mine  
  188  14:25  Marine  
  188  14:27  Marine, Marauder  
  188  14:28  Marine  
  188  14:30  Marine  
  182  14:33  Marine x4  
  182  14:34  Marine, Marauder  
  187  14:39  Marine  
Tags
 
Add a new tag
Caveats
  • Supply blocks, unpowered buildings, or Contaminate may cause inaccurate times.
  • Supply counts are checked every 10 seconds.